[Event "Late-Titled-Tuesday-Blitz-September-19-2023"]
[Site "Chess.com"]
[Date "2023.09.19"]
[Round "7"]
[White "GiorgianBarbosa"]
[Black "filipluczak05"]
[Result "0-1"]
[WhiteElo "2448"]
[BlackElo "2565"]
[TimeControl "180+1"]
[EndTime "15:15:17 PDT"]
[Termination "filipluczak05 won on time"]

1. c4 g6 2. g3 Bg7 3. Bg2 c5 4. Nc3 Nc6 5. e3 d6 6. Nge2 Nf6 7. O-O O-O 8. b3 Rb8 9. Bb2 a6 10. d3 Bd7 11. Qd2 b5 12. Nd5 e6 13. Nxf6+ Bxf6 14. Bxf6 Qxf6 15. Nc3 b4 16. Ne4 Qe7 17. f4 f5 18. Nf2 a5 19. d4 Rfd8 20. d5 exd5 21.
cxd5 Na7 22. e4 fxe4 23. Nxe4 Bf5 24. Ng5 Nb5 25. Rae1 Qg7 26. Ne6 Bxe6 27. dxe6 Nd4 28. Bd5 Re8 29. Kh1 Re7 30. g4 Rf8 31. Qd3 Kh8 32. f5 gxf5 33. gxf5 Qf6 34. Be4 Rg8 35.
Qe3 Rg4 36. Rg1 Rxg1+ 37. Qxg1 d5 38. Bxd5 Qxf5 39. Qg2 Nxe6 40. Rf1 Qg5 41. Rf8+ Kg7 42. Qxg5+ Nxg5 43. Rg8+ Kf6 44. Rc8 Re2 45. Rxc5 Rxa2 46.
Bc4 Ne4 47. Rc6+ Ke5 48. Re6+ Kf4 49. h4 Kf3 50. Re7 Ng3+ 0-1

[Event "Late-Titled-Tuesday-Blitz-September-19-2023"]
[Site "Chess.com"]
[Date "2023.09.19"]
[Round "7"]
[White "laskakid"]
[Black "HajiyevKanan"]
[Result "0-1"]
[WhiteElo "2297"]
[BlackElo "2484"]
[TimeControl "180+1"]
[EndTime "15:15:17 PDT"]
[Termination "HajiyevKanan won by resignation"]

1. d4 Nf6 2. c4 c6 3. Nc3 d5 4. cxd5 cxd5 5. Bf4 a6 6. e3 Nc6 7. Be2 Bf5 8. Nf3 e6 9. Qb3 Bd6 10. Bxd6 Qxd6 11. Qxb7 O-O 12. Qb3 Rfb8 13. Qa3 Qxa3 14. bxa3 Rb2 15. Na4 Rc2 16. Bd1 Na5 17. Bxc2 Bxc2 18. Nc5 Rb8 19. Kd2 Bf5 20. Kc3 Nc4 21. Nh4 Nxa3 22. Nxf5 exf5 23. f3 a5 24. Rhc1 g5 25.
Kd3 Kg7 26. Rc3 Nc4 27. Rb3 Re8 28. Re1 a4 29. Rb4 a3 30. Rb7 Kg6 31. g3 f4 32.
gxf4 gxf4 33. e4 Nb2+ 34. Kc3 dxe4 35. fxe4 f3 36. Rb6 Kg5 37. e5 Nd5+ 38. Kb3 Nxb6 39. Rf1 Kf4 40. e6 fxe6 41. Kxa3 N2c4+ 42. Kb4 Nd2 43. Rd1 Nd5+ 44. Kb5 Ke3 45. Nb3 Nxb3 46. axb3 Nc3+ 47.
Kc4 Nxd1 0-1

[Event "Late-Titled-Tuesday-Blitz-September-19-2023"]
[Site "Chess.com"]
[Date "2023.09.19"]
[Round "7"]
[White "WelshTiger"]
[Black "nitpicker"]
[Result "1-0"]
[WhiteElo "2383"]
[BlackElo "2219"]
[TimeControl "180+1"]
[EndTime "15:15:17 PDT"]
[Termination "WelshTiger won on time"]

1. e4 c5 2. Nf3 d6 3. c3 Nf6 4. h3 Nbd7 5. Bd3 g6 6. Bc2 Bg7 7.
d4 e5 8. dxe5 dxe5 9. O-O O-O 10.
Be3 b6 11. Nbd2 Bb7 12. Re1 Qc7 13. a4 a6 14. Qe2 Rfe8 15. Bg5 Nh5 16. Rad1 Nf8 17.
Bb3 Ne6 18. Bxe6 Rxe6 19. Nc4 Rae8 20. Qc2 h6 21. Bc1 Nf4 22. a5 bxa5 23. Nfd2 Rf8 24. Nb3 f5 25. Bxf4 exf4 26. exf5 Rxe1+ 27. Rxe1 Rxf5 28. Nbxa5 Bd5 29. Qd3 Rg5 30. f3 Bf7 31. Qd6 Qxd6 32.
Nxd6 h5 33. Nac4 Bf6 34. Nxf7 Kxf7 35. Nd6+ Kg7 36. Ne4 Re5 37. Rd1 Bh4 38. Rd7+ Kh6 39.
Rd6 Re7 40. Kf1 Rb7 41. Rd2 Re7 42. Ke2 g5 43. Kd3 g4 44. hxg4 hxg4 45. Kc4 gxf3 46. gxf3 1-0

[Event "Late-Titled-Tuesday-Blitz-September-19-2023"]
[Site "Chess.com"]
[Date "2023.09.19"]
[Round "7"]
[White "karinachess1"]
[Black "DvaHrasta"]
[Result "1-0"]
[WhiteElo "2611"]
[BlackElo "2506"]
[TimeControl "180+1"]
[EndTime "15:15:20 PDT"]
[Termination "karinachess1 won on time"]

1. d4 Nf6 2. c4 e6 3. Nc3 Bb4 4.
Qc2 O-O 5. a3 Bxc3+ 6. Qxc3 d5 7.
Nf3 c6 8. Bg5 h6 9. Bf4 Nbd7 10.
e3 Ne4 11. Qc2 f6 12. Bd3 e5 13. Bg3 Nxg3 14. Bh7+ Kh8 15. hxg3 e4 16. Bxe4 dxe4 17. Qxe4 f5 18. Qf4 Qf6 19. O-O-O b5 20. c5 a5 21. Rh5 b4 22. Rdh1 Kg8 23. a4 Ba6 24. g4 fxg4 25. Qxg4 Qf7 26. Rxh6 Qc4+ 27. Kb1 Nf6 28.
Rh8+ Kf7 29. Ne5+ Ke7 30. Qxg7+ Rf7 31. Qxf7+ Qxf7 32. Nxf7 Bd3+ 33. Kc1 Rxh8 34. Nxh8 Ne4 35. f3 Ng3 36. Rh3 Ne2+ 37. Kd2 Bc4 38. Ng6+ Kf6 39. Ne5 Ba6 40. Nxc6 Ng1 41. Rh1 Ne2 42. Nxa5 Ng3 43. Rh6+ 1-0

[Event "Late-Titled-Tuesday-Blitz-September-19-2023"]
[Site "Chess.com"]
[Date "2023.09.19"]
[Round "7"]
[White "stolencandy13"]
[Black "ATM622"]
[Result "1-0"]
[WhiteElo "2574"]
[BlackElo "2461"]
[TimeControl "180+1"]
[EndTime "15:15:20 PDT"]
[Termination "stolencandy13 won on time"]

1. d4 Nf6 2. Bf4 c5 3. e3 d5 4. c3 Nc6 5. Nd2 Bf5 6. Ngf3 e6 7. Bb5 Bd6 8. Qa4 Qc7 9. Ne5 Rc8 10. Qxa7 O-O 11.
Bxc6 bxc6 12. Qxc7 Bxc7 13. dxc5 Rfe8 14. b4 h5 15. h3 g5 16. Bh2 Ne4 17. Nxe4 Bxe4 18.
f3 Bh7 19. Kd2 f6 20. Nd3 e5 21.
h4 g4 22. fxg4 hxg4 23. a4 g3 24. Bg1 Bxd3 25. Kxd3 e4+ 26. Kd2 f5 27. h5 Kh7 28.
h6 Re6 29. Rh5 Kg6 30. Rh3 Kg5 31. Rf1 Rf8 32. b5 cxb5 33. axb5 Ra8 34. h7 Ra2+ 35. Kc1 Be5 36. Kb1 Rxg2 37. h8=Q Bxh8 38. Rxh8 Rf6 39. Rg8+ Kh6 40. c6 Kh7 41. c7 Kxg8 42. c8=Q+ Kh7 43.
Qd7+ Kg6 44. Qxd5 Re2 45. Qg8+ Kh5 46. Qxg3 Rg6 47. Qh3+ Kg5 48. Bf2 1-0

[Event "Late-Titled-Tuesday-Blitz-September-19-2023"]
[Site "Chess.com"]
[Date "2023.09.19"]
[Round "7"]
[White "jefferyx"]
[Black "Arystanner"]
[Result "1-0"]
[WhiteElo "3000"]
[BlackElo "2798"]
[TimeControl "180+1"]
[EndTime "15:15:21 PDT"]
[Termination "jefferyx won on time"]

1. e4 c5 2. Nf3 e6 3. c3 d5 4. e5 d4 5. d3 Bd7 6. cxd4 cxd4 7. Be2 Bc6 8. O-O Ne7 9. Nbd2 Nf5 10. Nb3 Be7 11. g4 Nh4 12. Nxh4 Bxh4 13. f4 Be7 14. Bf3 Bxf3 15. Qxf3 Nc6 16. a3 O-O 17. Bd2 Qb6 18.
Qd1 a5 19. Be1 a4 20. Nd2 Qxb2 21. Nc4 Qb3 22. Qf3 Qb5 23. Bg3 Na5 24. Rab1 Qc6 25. Qxc6 bxc6 26. Rfc1 Nxc4 27. Rxc4 Bxa3 28. Ra1 Bb2 29.
Raxa4 Rxa4 30. Rxa4 c5 31. Kf2 f6 32. exf6 gxf6 33. f5 exf5 34. gxf5 Re8 35. Bf4 Rd8 36. Kf3 Rd7 37. Ke4 Kf7 38. Bb8 Rb7 39. Bd6 Bc3 40. Bxc5 Rb2 41. Ra7+ Kg8 42. Kd5 Re2 43. Re7 Rxh2 44.
Ke6 Re2+ 45. Kxf6 Rxe7 46. Kxe7 Bd2 47. f6 Bg5 48. Bxd4 h5 49. Ke8 1-0

[Event "Late-Titled-Tuesday-Blitz-September-19-2023"]
[Site "Chess.com"]
[Date "2023.09.19"]
[Round "7"]
[White "Deeper44"]
[Black "djano"]
[Result "1/2-1/2"]
[WhiteElo "2537"]
[BlackElo "2626"]
[TimeControl "180+1"]
[EndTime "15:15:24 PDT"]
[Termination "Game drawn by stalemate"]

1. d4 d5 2. c4 e6 3. Nf3 c5 4.
cxd5 exd5 5. Nc3 Nf6 6. g3 Nc6 7. Bg2 c4 8. O-O Be7 9. Bf4 O-O 10. Ne5 Be6 11. Nxc6 bxc6 12. e4 Qb6 13. e5 Nd7 14. Qd2 Rab8 15. Na4 Qb5 16. b3 cxb3 17. axb3 Qxb3 18.
Rfc1 Rfc8 19. Bf1 Bf5 20. e6 fxe6 21. Bxb8 Qxb8 22. Ba6 Rc7 23. Qf4 g5 24. Qe3 Bf6 25. Bd3 Bxd3 26. Qxd3 Qb4 27. Qe3 Kf7 28. Rd1 c5 29.
Re1 Nf8 30. Nxc5 Qxd4 31. Qxd4 Bxd4 32. Na6 Rc2 33. Rad1 Bxf2+ 34. Kh1 Bxe1 35. Rxe1 d4 36. Nb4 Rb2 37. Nd3 Rd2 38. Rf1+ Ke7 39. Ne5 Ng6 40.
Rf7+ Ke8 41. Rxa7 Nxe5 42. Kg1 Nf3+ 43. Kf1 Nxh2+ 44. Ke1 Nf3+ 45. Kf1 d3 46. g4 e5 47. Re7+ Kd8 48. Rd7+ Kc8 49. Rc7+ Kb8 50. Rb7+ Ka8 51. Ra7+ Kb8 52. Rb7+ Kc8 53. Rc7+ Kd8 54. Rd7+ Kxd7 1/2-1/2

[Event "Late-Titled-Tuesday-Blitz-September-19-2023"]
[Site "Chess.com"]
[Date "2023.09.19"]
[Round "7"]
[White "talaicito"]
[Black "Defenstrator"]
[Result "0-1"]
[WhiteElo "2170"]
[BlackElo "2343"]
[TimeControl "180+1"]
[EndTime "15:15:24 PDT"]
[Termination "Defenstrator won on time"]

1. d4 e6 2. e4 Qe7 3. Nf3 Qb4+ 4. Nc3 c5 5. a3 Qa5 6. d5 Nf6 7. Nd2 exd5 8. exd5 d6 9. Nc4 Qd8 10. Be2 a6 11. a4 Be7 12. O-O O-O 13. f4 Nbd7 14.
Bf3 Rb8 15. a5 b5 16. axb6 Nxb6 17. Na5 Bd7 18. Re1 Re8 19. Nc6 Bxc6 20. dxc6 d5 21. Rxa6 Qc8 22. Ra7 Bf8 23. Rxe8 Qxe8 24. c7 Rc8 25.
Qe2 Qc6 26. Nb5 c4 27. Nd4 Bc5 28. Be3 Qe8 29. Bf2 Ne4 30. Bxe4 dxe4 31. Nf5 Bxf2+ 32. Qxf2 Qe6 33. g4 c3 34. bxc3 Nc4 0-1

[Event "Late-Titled-Tuesday-Blitz-September-19-2023"]
[Site "Chess.com"]
[Date "2023.09.19"]
[Round "7"]
[White "TigrVShlyape"]
[Black "cassoulet"]
[Result "0-1"]
[WhiteElo "2960"]
[BlackElo "2778"]
[TimeControl "180+1"]
[EndTime "15:15:25 PDT"]
[Termination "cassoulet won on time"]

1. e4 d6 2. d4 Nf6 3. Nc3 g6 4. Nf3 Bg7 5. h3 O-O 6. Be3 Nbd7 7. Qd2 c5 8. d5 a6 9. a4 Qa5 10. Bd3 b5 11. O-O b4 12. Ne2 c4 13. Bxc4 Nxe4 14. Qc1 Nb6 15. Bd3 Nc5 16. Nf4 Nxd3 17. cxd3 Nxd5 18.
Qc6 Nxe3 19. fxe3 Rb8 20. d4 Bb7 21. Qd7 Qd8 22. Qxd8 Rfxd8 23. Rac1 Rdc8 24. Nd3 a5 25. Nd2 Ba6 26. Rxc8+ Rxc8 27. Rc1 Rxc1+ 28. Nxc1 e5 29. Ncb3 Bh6 30. Kf2 exd4 31. Nxd4 Bg7 32. N2b3 Kf8 33. Nxa5 Ke8 34. Nac6 b3 35. a5 Bb7 36. Nb4 Kd7 37. a6 Ba8 38. g4 Kc7 39. Nd3 Kb6 40. a7 Kxa7 41. Nb5+ Kb6 42. Nxd6 Bd5 43. Ne8 Bh8 44.
g5 Bc4 45. Ke2 Bxb2 46. Nd6 Bxd3+ 47. Kxd3 Bc1 48. Nxf7 Bxe3 49. Kc3 Kc6 50. h4 Bf4 51. Kxb3 Kd7 0-1

[Event "Late-Titled-Tuesday-Blitz-September-19-2023"]
[Site "Chess.com"]
[Date "2023.09.19"]
[Round "7"]
[White "Hikaru"]
[Black "FairChess_on_YouTube"]
[Result "1-0"]
[WhiteElo "3258"]
[BlackElo "3080"]
[TimeControl "180+1"]
[EndTime "15:15:29 PDT"]
[Termination "Hikaru won on time"]

1. e4 e5 2. Nf3 Nc6 3. Bc4 Bc5 4.
c3 Nf6 5. d3 d6 6. O-O h6 7. Nbd2 a5 8. Re1 O-O 9. Nf1 Re8 10. Ng3 Be6 11. Bb5 Bd7 12. a4 Bb6 13. Be3 Bxe3 14. Rxe3 Ne7 15. Bxd7 Qxd7 16. d4 Ng6 17. Qb3 Qc6 18. Rae1 Ra6 19. h3 Rb6 20. Qa2 Qd7 21. Nd2 Qe6 22. b3 Nf4 23. Nc4 Ra6 24. Qd2 Raa8 25. Ne2 N6h5 26. Kh2 b6 27. Ng1 Rad8 28.
g3 Ng6 29. d5 Qc8 30. Rf3 Nf8 31. Rf5 Nf6 32. Rxf6 gxf6 33. Ne3 Nh7 34. h4 Kh8 35. Nf5 Rg8 36. Nxh6 Rg7 37. Qe2 Qd7 38. Qh5 Rg6 39. c4 Qe8 40. Ne2 f5 41. Nxf5 Kg8 42. Nc3 Nf6 43. Qe2 Qd7 44. f3 Nh5 45. Nd1 Kh7 46.
Nde3 Rdg8 47. Ng4 Nf6 48. Nf2 Nh5 49. Rg1 Nf4 50. Qd2 Nh5 51. Nh3 f6 52. g4 Ng7 53. h5 Rg5 54. Nxg5+ fxg5 55. Qxg5 Nxf5 56. Qxf5+ Qxf5 57. gxf5 1-0

[Event "Late-Titled-Tuesday-Blitz-September-19-2023"]
[Site "Chess.com"]
[Date "2023.09.19"]
[Round "7"]
[White "oskariot"]
[Black "Tomytoteph"]
[Result "1-0"]
[WhiteElo "2732"]
[BlackElo "2579"]
[TimeControl "180+1"]
[EndTime "15:15:29 PDT"]
[Termination "oskariot won by checkmate"]

1. e4 c5 2. Nf3 g6 3. c3 Bg7 4. d4 cxd4 5. cxd4 d5 6. e5 Bg4 7. Bb5+ Nc6 8. Nbd2 Rc8 9. O-O e6 10. h3 Bxf3 11. Nxf3 Ne7 12. Bf4 O-O 13. Qd2 Qb6 14. Bxc6 Rxc6 15. Bh6 Bxh6 16. Qxh6 Nf5 17. Qf4 Rc4 18.
Rfd1 Qxb2 19. g4 Ng7 20. Rab1 Qc2 21. Qh6 f6 22. Rxb7 Rc7 23. Rxc7 Qxc7 24. exf6 Rxf6 25. Ng5 Ne8 26. Re1 Qe7 27. Qh4 Nc7 28. Qg3 Kg7 29. Rc1 Nb5 30. Rc6 Nxd4 31. Rc7 Ne2+ 32. Kh2 Nxg3 33.
Rxe7+ Kf8 34. Rxa7 Rxf2+ 35. Kxg3 Re2 36. Nxh7+ Ke8 37. Nf6+ Kd8 38. h4 Kc8 39. h5 gxh5 40. gxh5 d4 41. h6 Re3+ 42. Kg4 Kb8 43. h7 Kxa7 44.
h8=Q Kb6 45. Nh5 Kc5 46. Qc8+ Kd5 47. Nf4+ Ke4 48. Qxe6# 1-0

[Event "Late-Titled-Tuesday-Blitz-September-19-2023"]
[Site "Chess.com"]
[Date "2023.09.19"]
[Round "7"]
[White "DTChess"]
[Black "Alexei_Gubajdullin"]
[Result "0-1"]
[WhiteElo "2532"]
[BlackElo "2652"]
[TimeControl "180+1"]
[EndTime "15:15:30 PDT"]
[Termination "Alexei_Gubajdullin won by resignation"]

1. e4 g6 2. d4 d6 3. Nc3 Bg7 4. Be3 a6 5. f3 b5 6. a3 Nd7 7. Qd2 c5 8. dxc5 Nxc5 9. Nge2 Bb7 10. Nd4 Rc8 11. h4 Nf6 12. O-O-O Qa5 13. Kb1 h5 14.
Be2 Nfd7 15. g4 hxg4 16. fxg4 b4 17. Na2 Nxe4 18. Qxb4 Qxb4 19. Nxb4 Ng3 20. Rh2 Nxe2 21. Nxe2 Ne5 22. g5 Ng4 23. Rh3 Nxe3 24. Rxe3 Kf8 25. Rh3 Rc5 26. Rg1 Re5 27. Nc3 Rf5 28. Nd3 Bxc3 29. bxc3 Rf3 30. Rxf3 Bxf3 31. Rg3 Bd5 32. Nb4 Bc4 33. Rg4 d5 34. Kc1 e5 35. Kd2 Kg7 36. Nc6 Re8 37. Na5 Bb5 38. a4 Bd7 39. Rb4 Bf5 40. Nb7 Rh8 41. Nc5 e4 42. Nxa6 Rxh4 43. Nc5 Rh3 44. a5 Bg4 45. Nxe4 dxe4 46. Rxe4 Bf3 47.
Ra4 Rg3 48. a6 Rxg5 49. a7 Ba8 50. c4 Rf5 51. Kd3 g5 52. Kd4 g4 53. c5 g3 54. Ra1 g2 55. Rg1 Rf1 56. Rxg2+ Bxg2 0-1

[Event "Late-Titled-Tuesday-Blitz-September-19-2023"]
[Site "Chess.com"]
[Date "2023.09.19"]
[Round "7"]
[White "Nikachu"]
[Black "sebastianmarinp"]
[Result "1/2-1/2"]
[WhiteElo "2203"]
[BlackElo "2407"]
[TimeControl "180+1"]
[EndTime "15:15:30 PDT"]
[Termination "Game drawn by repetition"]

1. d4 d5 2. c4 c6 3. Nc3 Nf6 4. e3 e6 5. Nf3 Nbd7 6. Bd3 dxc4 7. Bxc4 b5 8. Bd3 Bb7 9. O-O a6 10. b3 c5 11. Bb2 cxd4 12. Nxd4 Be7 13. Rc1 O-O 14.
Qe2 Ne5 15. Bb1 Rc8 16. Rfd1 Qb6 17. f4 Ng6 18. g3 Rfd8 19. h4 Bf8 20. h5 Ne7 21. g4 Ned5 22. g5 Nxc3 23. Bxc3 Ne4 24. Bb2 Rxc1 25. Rxc1 Ba8 26. Kh2 Qb7 27. Rg1 g6 28. Rc1 e5 29. hxg6 hxg6 30. Nf3 exf4 31. exf4 Bd6 32. Qxe4 Qxe4 33. Bxe4 Bxe4 34. Ne5 Bxe5 35.
Bxe5 Rd2+ 36. Kg3 Rg2+ 37. Kh3 Rc2 38. Rxc2 Bxc2 39. b4 Bb1 40. a3 Bf5+ 41. Kg3 Kf8 42. Kf2 Ke7 43. Ke3 Kd7 44. Kd4 Kc6 45. Bf6 Be6 46. Be5 Bd5 47. Bf6 Be6 48. Be5 Bf5 49. Bf6 Be6 1/2-1/2

[Event "Late-Titled-Tuesday-Blitz-September-19-2023"]
[Site "Chess.com"]
[Date "2023.09.19"]
[Round "7"]
[White "SAInt_666"]
[Black "IvanRadivojevic"]
[Result "0-1"]
[WhiteElo "2653"]
[BlackElo "2572"]
[TimeControl "180+1"]
[EndTime "15:15:32 PDT"]
[Termination "IvanRadivojevic won on time"]

1. g3 e5 2. d3 Nc6 3. Bg2 g6 4.
Nf3 Bg7 5. O-O d6 6. Nbd2 Be6 7. c4 Qd7 8. a3 Bh3 9. b4 h5 10. Bxh3 Qxh3 11. Ng5 Qd7 12. h4 Nge7 13. Bb2 Nf5 14. b5 Nd8 15. e4 Ne7 16. Kg2 Ne6 17. Nxe6 fxe6 18. Nf3 O-O-O 19. Bc1 Rdf8 20. Be3 Kb8 21.
Qa4 Nc8 22. Rad1 Bh6 23. Bxh6 Rxh6 24. Qc2 Rh7 25. Ng5 Rg7 26. a4 Qe7 27. a5 d5 28.
c5 Qf6 29. c6 b6 30. axb6 cxb6 31. Qa2 Rd8 32. Rc1 Rc7 33. Qb2 Nd6 34. f4 d4 35.
Qb3 Re8 36. Rf2 exf4 37. gxf4 e5 38. Rcf1 exf4 39. Rxf4 Qe5 40. Rf8 Rcc8 41. Rxe8 Rxe8 42. Nf7 Qxb5 43. Qa3 Nc8 44. c7+ Kxc7 45. Nd6 Nxd6 46.
Qxa7+ Kd8 47. Qb8+ Ke7 48. Qc7+ Qd7 49. Qxb6 Qg4+ 50.
Kh1 Qxh4+ 0-1

[Event "Late-Titled-Tuesday-Blitz-September-19-2023"]
[Site "Chess.com"]
[Date "2023.09.19"]
[Round "7"]
[White "azikom"]
[Black "santosalberto1987"]
[Result "1-0"]
[WhiteElo "2628"]
[BlackElo "2507"]
[TimeControl "180+1"]
[EndTime "15:15:32 PDT"]
[Termination "azikom won on time"]

1. c4 c6 2. e4 d5 3. exd5 cxd5 4. cxd5 Nf6 5. Qa4+ Nbd7 6. Nc3 g6 7. Bc4 Bg7 8.
d3 O-O 9. Nge2 a6 10. Qa3 b6 11. Be3 Bb7 12. Nf4 b5 13. Bb3 Nb6 14. Qc5 Nfd7 15. Qb4 Nf6 16. d6 exd6 17. O-O Ng4 18. Bd2 Ne5 19. Ne4 g5 20. Nh5 Nxd3 21. Qxd6 Bxe4 22. Qg3 Bg6 23. Bxg5 Qb8 24. Nxg7 Qxg3 25. fxg3 Kxg7 26.
Bf6+ Kg8 27. g4 Nc5 28. Bd1 Rfe8 29. h4 h6 30. Bf3 Rac8 31. Rad1 Nc4 32. Rfe1 Rxe1+ 33.
Rxe1 Nd3 34. Re7 Ndxb2 35. h5 Bh7 36. Bb7 Rf8 37. Bxa6 Bd3 38. Bxb5 Rb8 39. Bc6 1-0

[Event "Late-Titled-Tuesday-Blitz-September-19-2023"]
[Site "Chess.com"]
[Date "2023.09.19"]
[Round "7"]
[White "floplover"]
[Black "Quattroporte300"]
[Result "0-1"]
[WhiteElo "2269"]
[BlackElo "2403"]
[TimeControl "180+1"]
[EndTime "15:15:34 PDT"]
[Termination "Quattroporte300 won by checkmate"]

1. e4 c5 2. Nf3 d6 3. d4 cxd4 4. Nxd4 Nf6 5. Nc3 a6 6. Be2 e5 7.
Nb3 Be7 8. Bg5 Be6 9. Qd3 Nbd7 10. Bxf6 Nxf6 11. Nd5 Nxd5 12. exd5 Bd7 13. c4 O-O 14. O-O f5 15. Qd2 Rc8 16. Na5 b6 17. Nb3 f4 18.
Bd3 f3 19. g3 Bg5 20. Qb4 Bh3 21. Rfe1 a5 22. Qc3 Qe8 23. Nd2 Qh5 24. Ne4 Be7 25.
Re3 Bg4 26. Bf1 Rf7 27. Qd3 Rcf8 28. a3 Bh3 29. b4 Bxf1 30. Qxf1 Bg5 31. Rc3 Qg4 32.
Re1 Be7 33. Ree3 Rf5 34. h3 Qg6 35. c5 axb4 36. axb4 bxc5 37. bxc5 dxc5 38. Qd3 Qh6 39. Qf1 Rh5 40. Rxf3 Rxh3 41. Rxf8+ Bxf8 42. Qg2 Rh5 43. Nxc5 Qd2 44. Qe4 Qxc3 45. Ne6 Qc1+ 46. Kg2 Qh1# 0-1

[Event "Late-Titled-Tuesday-Blitz-September-19-2023"]
[Site "Chess.com"]
[Date "2023.09.19"]
[Round "7"]
[White "ritanovikova"]
[Black "Ready4abattle"]
[Result "1-0"]
[WhiteElo "2160"]
[BlackElo "2316"]
[TimeControl "180+1"]
[EndTime "15:15:34 PDT"]
[Termination "ritanovikova won by resignation"]

1. d4 Nf6 2. Bf4 g6 3. Nf3 Nh5 4. Bg5 h6 5. Bd2 d5 6. c4 dxc4 7. Qa4+ Nc6 8. Qxc4 Be6 9. Qb5 Qd7 10. e4 Bg4 11. d5 Bxf3 12. gxf3 Nd4 13. Qd3 e5 14.
dxe6 Nxe6 15. Qxd7+ Kxd7 16. Bc3 Bg7 17. Bh3 Rad8 18. Bxg7 Nxg7 19. Nc3 c6 20. O-O-O+ Kc7 21. Ne2 Nh5 22. Bxe6 fxe6 23. Rxd8 Rxd8 24. Rg1 g5 25. h4 gxh4 26. Rh1 Rf8 27. Rxh4 Ng7 28. Rxh6 Rxf3 29. Rh7 Rf7 30. Nd4 Kd6 31. f4 a6 32.
Rh6 c5 33. Ne2 Ke7 34. Kd2 Ne8 35. Ke3 Nd6 36. Ng3 Nc4+ 37. Kf3 Nxb2 38. f5 exf5 39.
Nxf5+ Kd7 40. Rb6 Kc7 41. Rxb2 b5 42. Rc2 Kb6 43. Kf4 c4 44. e5 Rf8 45. e6 Re8 46. e7 Kc5 47. Ke5 b4 48. Ke6 a5 49. Rxc4+ Kxc4 50. Nd6+ 1-0

[Event "Late-Titled-Tuesday-Blitz-September-19-2023"]
[Site "Chess.com"]
[Date "2023.09.19"]
[Round "7"]
[White "Sina_Movahed"]
[Black "krzyzan94"]
[Result "1-0"]
[WhiteElo "2981"]
[BlackElo "2797"]
[TimeControl "180+1"]
[EndTime "15:15:37 PDT"]
[Termination "Sina_Movahed won by checkmate"]

1. e4 c5 2. Nf3 Nc6 3. d4 cxd4 4. Nxd4 e5 5. Nb5 d6 6. c4 Be6 7. N1c3 a6 8. Na3 g6 9. Nc2 Bg7 10. Bd3 Nf6 11. O-O O-O 12. b3 Rc8 13. Be3 Ng4 14. Bd2 f5 15. Qe2 Qh4 16. h3 Nf6 17. Rae1 f4 18. f3 Nh5 19. Qf2 Qd8 20. Ne2 Bf6 21.
Kh1 Bh4 22. Qg1 Bxe1 23. Bxe1 Kh8 24. Nb4 Nxb4 25. Bxb4 h6 26. Rd1 Qe7 27. a4 Rfd8 28. a5 Rc6 29. Bb1 Kh7 30. Be1 g5 31. Bf2 Nf6 32.
Nc3 h5 33. Nd5 Qg7 34. Nb6 g4 35. Bh4 Rg8 36. Nd5 Rf8 37. Nxf4 Bc8 38. Nd5 Ng8 39. hxg4 hxg4 40. f4 g3 41. Qe1 exf4 42. e5+ Bf5 43. Nf6+ Rxf6 44. exf6 Qg4 45. Bxf5+ Qxf5 46. Qe8 Nxf6 47.
Qf7+ Kh6 48. Bxf6 Qg6 49. Qf8+ Kh5 50. Qh8+ Kg4 51. Qh3# 1-0

[Event "Late-Titled-Tuesday-Blitz-September-19-2023"]
[Site "Chess.com"]
[Date "2023.09.19"]
[Round "7"]
[White "emeli_chess"]
[Black "tteshan"]
[Result "0-1"]
[WhiteElo "2364"]
[BlackElo "2511"]
[TimeControl "180+1"]
[EndTime "15:15:38 PDT"]
[Termination "tteshan won by resignation"]

1. d4 d5 2. c4 dxc4 3. Nf3 Nf6 4.
e3 Bg4 5. Bxc4 e6 6. Nc3 a6 7.
h3 Bh5 8. g4 Bg6 9. Nh4 Be4 10.
Nxe4 Nxe4 11. Nf3 h5 12. Rg1 hxg4 13. hxg4 Bb4+ 14. Bd2 Nxd2 15. Nxd2 Nc6 16. a3 Bxd2+ 17. Qxd2 Qf6 18. O-O-O Rh2 19. Rdf1 O-O-O 20. Rh1 Rdh8 21. Rxh2 Rxh2 22. Qe2 Rg2 23. Bd3 Nd8 24. Be4 Rh2 25. Qf3 Qxf3 26. Bxf3 Kd7 27. Kd2 c6 28. Ke2 Kd6 29.
b4 e5 30. dxe5+ Kxe5 31. Rh1 Rxh1 32. Bxh1 Ne6 33. f4+ Kd6 34. g5 Nc7 35. Kd3 Nb5 36. a4 Nc7 37. e4 Ne6 38. e5+ Kc7 39. Ke4 c5 40. bxc5 Nxc5+ 41. Kd5 Nxa4 42. f5 b5 43. e6 Nb6+ 44. Kc5 fxe6 45. fxe6 Nc8 46. Be4 Ne7 47. Bd3 Nc6 48. Bxb5 axb5 49. Kxb5 Nd4+ 50. Kc5 Nxe6+ 51. Kd5 Kd7 52. Ke5 Nxg5 53. Kf5 Ne6 54. Kg6 Kd6 55. Kf7 Ke5 56. Kg6 Kf4 57. Kh5 g5 0-1

[Event "Late-Titled-Tuesday-Blitz-September-19-2023"]
[Site "Chess.com"]
[Date "2023.09.19"]
[Round "7"]
[White "angryspacevoid"]
[Black "bazar-wokzal"]
[Result "0-1"]
[WhiteElo "2510"]
[BlackElo "2654"]
[TimeControl "180+1"]
[EndTime "15:15:39 PDT"]
[Termination "bazar-wokzal won by resignation"]

1. e4 Nc6 2. d4 d5 3. e5 h5 4.
Nf3 Bg4 5. c3 Qd7 6. Nbd2 f6 7.
h3 Bxf3 8. Nxf3 fxe5 9. dxe5 e6 10. Bb5 Bc5 11. c4 Nge7 12. O-O O-O-O 13. cxd5 Qxd5 14.
Qxd5 exd5 15. Bg5 Rde8 16. Rac1 Bb6 17. Rfd1 a6 18. Ba4 Rhf8 19. Bxe7 Rxe7 20. Bxc6 bxc6 21. Rxc6 Kb7 22. Rg6 d4 23. Rd2 c5 24. Rg5 Rf4 25.
b3 h4 26. Rg4 Rxg4 27. hxg4 a5 28. Kh2 a4 29. Kh3 axb3 30. axb3 Kc6 31. Kxh4 Kb5 32. Kg5 Kb4 33. Rd3 c4 34. bxc4 Kxc4 35. Rd2 Kc3 36. Kf4 Rf7+ 37. Ke4 Rxf3 38. gxf3 Kxd2 39. e6 Bd8 40. Kxd4 Ke2 41. f4 Kf3 42. Ke5 Kxg4 43. f5 Bf6+ 44. Ke4 Kg5 45. f4+ Kg4 46. Ke3 Kxf5 47. Kf3 Kxe6 48. Kg4 Kf7 49. Kf5 Ke7 50. Kg4 Ke6 51. Kf3 Kf5 52. Kg3 Be7 53. Kf3 Bd6 54.
Kg3 Bxf4+ 0-1

[Event "Late-Titled-Tuesday-Blitz-September-19-2023"]
[Site "Chess.com"]
[Date "2023.09.19"]
[Round "7"]
[White "JackRodgers"]
[Black "aNaartjieZA"]
[Result "1-0"]
[WhiteElo "2521"]
[BlackElo "2588"]
[TimeControl "180+1"]
[EndTime "15:15:39 PDT"]
[Termination "JackRodgers won by resignation"]

1. d4 Nf6 2. Bg5 Ne4 3. h4 c5 4.
dxc5 Nxc5 5. Nc3 Nc6 6. Nf3 h6 7. Bf4 e6 8. e4 a6 9. Bd6 Bxd6 10. Qxd6 Qe7 11. O-O-O Qxd6 12. Rxd6 Ke7 13. Rd2 d6 14. Be2 b5 15. a3 Rd8 16. Rhd1 b4 17. axb4 Nxb4 18.
Nd4 Bb7 19. f3 Rac8 20. Kb1 g6 21. Bf1 Rc7 22. Na2 Nxa2 23. Kxa2 Nd7 24. c3 Ne5 25.
Nc2 Bc6 26. Ne3 Bb5 27. Bxb5 axb5 28. Kb3 Nc4 29. Nxc4 bxc4+ 30. Kc2 Rb7 31. Ra1 Rdb8 32. Ra2 Rb6 33. Rd4 Rc8 34. Ra4 Rcb8 35. Ra7+ Kf6 36. Ra2 Rc6 37. g3 g5 38. h5 Ke5 39. Ra5+ Kf6 40. f4 gxf4 41. gxf4 Rg8 42. Ra4 Rg2+ 43. Kb1 Rb6 44. Rb4 Rxb4 45. cxb4 Rh2 46. Rxd6 Rxh5 47. Rc6 Rh4 48. b5 Rg4 49. b6 Rg8 50. Rxc4 Rb8 51. Rb4 e5 52. f5 h5 53. Kc2 h4 54. Rb3 h3 55. Rxh3 Kg5 56. Rb3 Kf4 57. Rb4 Ke3 58. Kb3 Kd3 59. Ka4 Ra8+ 60. Kb5 Rb8 61. Kc6 1-0

[Event "Late-Titled-Tuesday-Blitz-September-19-2023"]
[Site "Chess.com"]
[Date "2023.09.19"]
[Round "7"]
[White "lluiss"]
[Black "Inepton_Fermion"]
[Result "0-1"]
[WhiteElo "2252"]
[BlackElo "2376"]
[TimeControl "180+1"]
[EndTime "15:15:39 PDT"]
[Termination "Inepton_Fermion won by resignation"]

1. Nf3 Nf6 2. d4 e6 3. g3 b6 4.
Bg2 Bb7 5. O-O Be7 6. b3 O-O 7. Bb2 c5 8. c4 cxd4 9. Qxd4 d6 10. Rd1 Nbd7 11. Nc3 a6 12. Ng5 Bxg2 13. Kxg2 Qc7 14. Nge4 Ne8 15. Kg1 f5 16. Nd2 Bf6 17. Qe3 Kf7 18.
Rac1 Ne5 19. Nf3 Ng4 20. Qd2 h6 21. h3 Ne5 22. Nd4 Nc6 23. Na4 Rb8 24. Qe3 Nxd4 25.
Bxd4 Bxd4 26. Qxd4 Kg8 27. f4 Qb7 28. Nc3 b5 29. e4 b4 30. exf5 bxc3 31. fxe6 Qe7 32. Re1 Rf6 33. Rxc3 Rxe6 34. Rce3 Rxe3 35. Rxe3 Qf7 36.
Kh2 Kh8 37. g4 Rd8 38. f5 Nf6 39. Re6 d5 40. c5 Ne4 41. c6 Qc7+ 42. Kh1 Ng3+ 43. Kg2 Ne4 44. Kh1 Rd6 45. Re8+ Kh7 46. Re6 Rxe6 47. fxe6 Qxc6 48. Qd3 Qc1+ 49. Kg2 Qf4 50.
Qxd5 Qg3+ 0-1